AoeStats
← xlalox corona

Arabia

507861114Analyzed
2v2 RM · 11d ago on Sep 20, 2026· 39m 8s· 4 players
Game mode
Random Map
Map size
Medium (4 player)
Population
200
Speed
Normal
Resources
Standard
Victory
Conquest
Starting age
Dark Age
Ending age
Imperial Age
RankedLock teamsTeams togetherTeam positionsShared explorationLock speedFull tech treeHidden civsTurbo modeCheats
Victory
Defeat
🇺🇸 Franks · United States
1565
+16
🇺🇸 Britons · United States
1553
+16
🇲🇽 Burmese · Mexico
1557
-16
🇲🇽 Inca · Mexico
1557
-16
xlalox corona
5:52 Loom
8:33 Feudal Age
10:10 Double-Bit Axe
14:38 Fletching
16:05 Padded Archer Armor
25:35 Castle Age
24:06 Horse Collar
24:25 Gold Mining
25:48 Crossbowman
26:30 Bodkin Arrow
29:09 Leather Archer Armor
31:26 Ballistics
32:45 Thumb Ring
GAX | ERV
6:54 Loom
9:15 Feudal Age
9:22 Man-at-Arms
19:08 Bloodlines
18:50 Gold Mining
19:15 Scale Barding Armor
19:58 Forging
23:02 Castle Age
21:51 Forging
21:44 Horse Collar
24:07 Chain Barding Armor
24:44 Husbandry
25:21 Iron Casting
34:40 Wheelbarrow
35:13 Gold Shaft Mining
FishCakes
8:56 Feudal Age
7:58 Loom
10:31 Double-Bit Axe
14:24 Fletching
15:56 Padded Archer Armor
23:08 Castle Age
21:08 Horse Collar
21:44 Gold Mining
23:16 Crossbowman
23:52 Bodkin Arrow
24:09 Bow Saw
25:37 Wheelbarrow
25:34 Heavy Plow
30:06 Gold Shaft Mining
30:07 Ballistics
30:13 Town Watch
31:32 Leather Archer Armor
34:26 Stone Mining
38:30 Imperial Age
38:49 Hand Cart
38:43 Arbalester
39:25 Bracer
38:59 Capped Ram
FishCrates
6:07 Loom
8:26 Feudal Age
8:58 Double-Bit Axe
20:36 Wheelbarrow
23:00 Castle Age
21:01 Gold Mining
22:18 Scale Barding Armor
24:04 Forging
23:37 Light Cavalry
24:17 Husbandry
26:57 Chain Barding Armor
28:03 Forging
30:33 Hand Cart
31:40 Iron Casting
30:58 Town Watch
33:09 Bow Saw
34:11 Gold Shaft Mining
38:46 Imperial Age
38:49 Cavalier
Connection lost

Rejoining the realm…

Still unreachable

The connection could not be restored.

Session expired

The server has moved on; the page needs a fresh start.